 Dungeon Crawl Stone Soup version 0.28-a0-32-g8dfe7f97f6 (webtiles) character file.

Game seed: 8284935836236515394

48 Demosthentine the Poker (level 3, 0/28 HPs)
             Began as a Merfolk Gladiator on July 28, 2021.
             Slain by a goblin (2 damage)
             ... led by Robin
             ... on level 2 of the Dungeon.
             The game lasted 00:01:23 (1116 turns).

Demosthentine the Poker (Merfolk Gladiator)         Turns: 1116, Time: 00:01:24

Health: 0/28       AC:  4    Str: 15    XL:     3   Next: 72%
Magic:  3/3        EV: 13    Int:  7    God:
Gold:   53         SH:  0    Dex: 15    Spells: 2/2 levels left

rFire   . . .      SeeInvis .   a - +0 trident
rCold   . . .      Faith    .   (no shield)
rNeg    . . .      Spirit   .   b - +0 leather armour
rPois   +          Reflect  .   c - +0 helmet
rElec   .          Harm     .   (no cloak)
rCorr   .          Rampage  .   (no gloves)
Will    .....                   (no boots)
Stlth   +.........              (no amulet)
HPRegen 0.09/turn               g - ring of poison resistance
MPRegen 0.08/turn               (no ring)

@: no status effects
A: (nimble swimmer 2), mertail
a: no special abilities


You were on level 2 of the Dungeon.
You visited 1 branch of the dungeon, and saw 2 of its levels.

You collected 83 gold pieces.
You spent 30 gold pieces at shops.

Inventory:

Hand Weapons
 a - a +0 trident (weapon)
Missiles
 d - 3 throwing nets (quivered)
 i - 5 curare-tipped darts
Armour
 b - a +0 leather armour (worn)
 c - a +0 helmet (worn)
Jewellery
 g - a ring of poison resistance (left hand)
Potions
 e - a potion of attraction {unknown}
 f - a potion of curing
 h - a potion of degeneration {unknown}
 j - a potion of cancellation {unknown}


   Skills:
 + Level 2.8 Fighting
 + Level 5.0 Polearms
 - Level 2.0 Throwing
 + Level 1.0 Armour
 + Level 4.5 Dodging


You had 2 spell levels left.
You didn't know any spells.
Your spell library was empty.

Dungeon Overview and Level Annotations

Branches:
Dungeon (2/15)

Altars:

Shops:
D:1 **

Annotations:
D:2 Robin


Innate Abilities, Weirdness & Mutations

((You are quick and stealthy near water. (Stealth+, EV+, Speed+++)))
Your lower body shifts to a powerful aquatic tail in water.


Message History

You are too injured to fight recklessly!
You are too injured to fight recklessly!
Unknown command.
You hit the goblin.
You kill the goblin!
Unknown command.
You barely miss the hobgoblin. The hobgoblin barely misses you.
You hit the hobgoblin.
You kill the hobgoblin!
Robin roars a battlecry!
Unknown command.
You hit the hobgoblin but do no damage. Robin closely misses you.
The hobgoblin closely misses you.
Unknown command.
You closely miss the hobgoblin.
Robin says, "Duck!"
Robin closely misses you. The hobgoblin hits you.
* * * LOW HITPOINT WARNING * * *
You hit the hobgoblin.
You kill the hobgoblin!
Robin hits you but does no damage.
Reach: a) +0 trident
Press: ? - help, Dir - move target, f - Robin
Aim: Robin, wielding a +0 spear, wearing a +0 animal skin and wearing a +0 helmet (about 32% to evade your +0 trident)
You reach to attack!
You hit Robin but do no damage. Robin throws the goblin at you!
* * * LOW HITPOINT WARNING * * *
The goblin hits you with a club.
* * * LOW HITPOINT WARNING * * *
Unknown command.
Unknown command.
Robin roars a battlecry!
The goblin misses you.
Unknown command.
Unknown command.
Robin throws the goblin at you! The goblin barely misses you.
The goblin closely misses you.
You barely miss the goblin. The goblin barely misses you.
The goblin hits you with a +0 club.
You die...

#############
#...........#
#.#########<# #.# #.#
#######.###### #.#
.............# #.#
........####.####g####
######..# #...g@..g.#
######..# ######.##.#
.....#..# #.##.#
####....# #.#.#g
###..#########..# #g
#............# gg
#..##########. g#
##..####.. . #$
#).......# ##


You could see Robin and 2 goblins.

Vanquished Creatures
  2 ball pythons (D:1)
  3 bats (D:1)
  6 endoplasms (D:1)
  2 giant cockroaches (D:1)
  7 hobgoblins
  4 jackals (D:1)
  5 frilled lizards
  5 goblins (D:2)
  6 kobolds (D:1)
  2 rats (D:1)
42 creatures vanquished.

Notes
Turn   | Place    | Note
-------+----------+-------------------------------------------
     0 | D:1      | Demosthentine the Merfolk Gladiator began the quest for the
                  | Orb.
     0 | D:1      | Reached XP level 1. HP: 16/16 MP: 1/1
   141 | D:1      | Found Tuott's General Store.
   151 | D:1      | Bought a potion of curing for 30 gold pieces
   171 | D:1      | Reached XP level 2. HP: 21/23 MP: 2/2
   487 | D:1      | Reached XP level 3. HP: 28/28 MP: 3/3
   631 | D:1      | Found Huzisu's General Store.
   778 | D:1      | Reached skill level 5 in Polearms
   867 | D:2      | Reached skill level 1 in Armour
  1091 | D:2      | Noticed Robin
  1116 | D:2      | Slain by a goblin

Illustrated notes

Levels and vault maps discovered:
D:1:      matt_arrival_refuge, layout_basic, serial_shops, shop, shop_fountains,
          minmay_misc_feat_four_crosses
D:2:      layout_loops_ring, uniq_robin

Skill      XL: |  1  2  3 |
---------------+----------+-----
Polearms       | 5 |  5.0
Armour         | 1 |  1.0
Fighting       | |  2.8
Throwing       | |  2.0
Dodging        | |  4.5

Action                   || total
-------------------------++-------
Melee: Trident           ||   107
  Use: Scroll            ||     2
 Stab: Sleeping          ||     2
Armor: Leather armour    ||    16
Dodge: Dodged            ||    59

Table legend: (Time is in decaauts)
 A = Elapsed time spent in this place.
 B = Non-inter-level travel time spent in this place.
 C = Inter-level travel time spent in this place.
 D = Time resting spent in this place.
 E = Time spent auto-exploring this place.
 F = Levels seen in this place.
 G = Mean time per level.
                   A        B        C        D        E       F      G
               +--------+--------+--------+--------+--------+-----+--------+
         Total |   1122 |   1091 |     31 |      0 |    894 |   2 |  561.0 |
       Dungeon |   1122 |   1091 |     31 |      0 |    894 |   2 |  561.0 |
               +--------+--------+--------+--------+--------+-----+--------+

Top non-repeatable levels by time:
     D:1: 819 daAuts
     D:2: 302 daAuts
